Map: 乌雷纳

Players

FMage - Winner!

  • Race: Terran Terran
  • League: Gold

shengy

  • Race: Zerg Zerg
  • League: Platinum

VOD

Have the link to the VOD?

Description

Time

  • Played on: Dec. 22, 2015, 6:14 p.m.
  • Length: 8:13
Show
View Real Time Build Order
Export as new Build Order

FMage Terran - Winner!

Build Orders:  

Get SALT Encoding   

  12  0:00  SCV  
  13  0:13  SCV  
  14  0:19  Supply Depot  
  14  0:25  SCV  
  15  0:40  SCV  
  15  0:41  Barracks  
  16  0:45  Refinery  
  16  0:52  SCV  
  17  1:04  SCV  
  18  1:17  SCV  
  19  1:27  Refinery  
  19  1:29  Reaper, SCV  
  21  1:35  Supply Depot  
  21  1:41  Orbital Command  
  21  2:01  Command Center  
  21  2:07  SCV  
  21  2:18  Reaper  
  21  2:20  Factory  
  22  2:28  Command Center  
  22  2:34  SCV  
  23  2:46  SCV  
  24  3:10  Widow Mine, Barracks Tech Lab  
  24  3:11  Supply Depot  
  26  3:18  SCV, Starport  
  26  3:28  Supply Depot  
  26  3:30  Marauder  
  26  3:32  Supply Depot  
  26  3:34  SCV  
  29  3:51  Armory  
  29  4:03  Siege Tank  
  29  4:04  Starport Tech Lab  
  29  4:09  Supply Depot  
  32  4:10  Supply Depot  
  32  4:18  Supply Depot  
  32  4:19  Orbital Command  
  32  4:39  Banshee, SCV  
  32  4:41  Supply Depot  
  33  4:56  Supply Depot  
  32  5:14  Supply Depot  
  32  5:34  Thor  
  32  5:35  Medivac  
  40  6:14  SCV  
  40  6:17  Thor  
  40  6:18  Command Center  
  47  6:25  Medivac  
  47  6:26  SCV  
  50  6:52  Command Center  
  50  7:04  Thor  
  56  7:27  Supply Depot  
  56  7:51  Supply Depot  
Show
View Real Time Build Order
Export as new Build Order

shengy Zerg 

Build Orders: Pool First, Zergling Baneling 

Get SALT Encoding   

  12  0:01  Drone  
  13  0:08  Drone  
  14  0:17  Overlord  
  14  0:35  Drone x3  
  17  0:41  Extractor  
  16  0:46  Drone  
  17  0:54  Spawning Pool  
  16  0:57  Drone  
  17  1:09  Drone  
  18  1:35  Hatchery  
  18  1:39  Drone  
  18  1:41  Zergling x4  
  18  1:45  Metabolic Boost  
  20  1:57  Queen  
  22  2:02  Overlord  
  22  2:27  Zergling x6  
  25  2:35  Queen  
  27  2:39  Baneling Nest  
  27  2:43  Zergling x2  
  27  3:01  Overlord  
  27  3:18  Zergling x6  
  27  3:19  Zergling x8  
  34  3:22  Baneling x5  
  34  3:25  Baneling  
  34  3:38  Zergling x4  
  34  3:39  Zergling x6  
  34  3:41  Zergling x2  
  40  3:42  Baneling  
  40  3:47  Baneling x2  
  36  4:10  Drone x5  
  36  4:11  Drone  
  36  4:14  Baneling x2  
  36  4:15  Baneling  
  42  4:20  Drone, Extractor  
  33  4:49  Zergling x4  
  33  4:50  Zergling x14  
  38  4:58  Drone x3  
  39  5:01  Drone  
  40  5:20  Drone x3  
  43  5:23  Drone  
  44  5:31  Spore Crawler  
  44  5:34  Spore Crawler, Queen  
  43  5:38  Overlord  
  43  5:39  Spore Crawler  
  42  5:46  Drone  
  42  5:48  Overlord  
  43  5:53  Lair  
  43  6:01  Overlord  
  41  6:15  Drone  
  41  6:16  Drone x4  
  45  6:23  Drone x2  
  45  6:24  Drone x3  
  50  6:25  Drone x2  
  50  6:31  Drone  
  53  6:33  Extractor, Drone  
  53  6:38  Extractor  
  44  6:47  Baneling  
  44  6:48  Baneling x4  
  36  7:12  Drone, Roach Warren  
  36  7:13  Drone x5  
  36  7:14  Drone  
  42  7:24  Drone  
  42  7:26  Drone  
  44  7:39  Overseer  
  44  7:41  Drone  
  44  7:42  Drone x3  
  48  7:52  Drone x2  
  48  7:53  Drone  
  51  7:59  Drone  
  51  8:00  Drone  
Tags
 
Add a new tag
Caveats
  • Supply blocks, unpowered buildings, or Contaminate may cause inaccurate times.
  • Supply counts are checked every 10 seconds.